 Dungeon Crawl Stone Soup version 0.25.0-9-g26727b657a (webtiles) character file.

Game seed: 13597038816242396753

73 vurker the Chiller (level 4, -2/28 HPs)
             Began as an Octopode Ice Elementalist on June 16, 2020.
             Slain by a bullfrog (9 damage)
             ... on level 6 of the Dungeon.
             The game lasted 00:02:28 (1878 turns).

vurker the Chiller (Octopode Ice Elementalist)      Turns: 1878, Time: 00:02:29

Health: -2/28      AC:  1    Str:  7    XL:     4   Next: 27%
Magic:  2/8        EV: 12    Int: 18    God:
Gold:   88         SH:  3    Dex: 12    Spells: 4/8 levels left

rFire    . . .     SeeInvis .   l - +1 short sword (venom)
rCold    . . .     Gourm    .   j - +0 buckler
rNeg     . . .     Faith    .   (helmet restricted)
rPois    .         Spirit   .   (no amulet)
rElec    .         Reflect  .   (no ring)
rCorr    .         Harm     .   (no ring)
MR       .....                  (no ring)
Stlth    +++.......             (no ring)
HPRegen  0.09/turn              (no ring)
MPRegen  0.11/turn              (no ring)
                                (no ring)
                                (no ring)

@: very slightly contaminated
A: almost no armour, stealthy swim, amphibious, 8 rings, constrict 8, camouflage
1, gelatinous body 1
a: no special abilities


You were on level 6 of the Dungeon.
You were not hungry.

You visited 1 branch of the dungeon, and saw 4 of its levels.

You collected 88 gold pieces.

Inventory:

Hand Weapons
 l - a +1 short sword of venom (weapon)
   (You found it on level 1 of the Dungeon)
Armour
 j - a +0 buckler (worn)
   (You found it on level 1 of the Dungeon)
Scrolls
 h - 2 scrolls of identify {unknown}
 i - a scroll of teleportation {unknown}
 k - a scroll of immolation {unknown}
Potions
 a - 4 potions of haste {unknown}
 b - 2 potions of lignification {unknown}
 c - a potion of mutation {unknown}
 d - a potion of flight {unknown}
 g - a potion of brilliance {unknown}
 m - 2 potions of curing {unknown}
 n - a potion of ambrosia {unknown}
Comestibles
 e - 4 rations
 f - 6 chunks of flesh


   Skills:
 + Level 1.2 Fighting
 - Level 2.0 Dodging
 - Level 2.6 Stealth
 + Level 0.7 Shields
 * Level 2.9 Spellcasting
 * Level 4.7 Ice Magic


You had 4 spell levels left.
You knew the following spells:

 Your Spells              Type           Power        Failure   Level  Hunger
a - Freeze                Ice            ###.         3%          1    None
b - Frozen Ramparts       Ice            ###...       11%         3    ###....

Your spell library contained the following spells:

 Spells                   Type           Power        Failure   Level  Hunger
 Ozocubu's Armour         Chrm/Ice       ##......     28%         3    ###....
 Hailstorm                Conj/Ice       ##......     67%         4    ####...
 Summon Ice Beast         Ice/Summ       ##......     67%         4    ####...


Dungeon Overview and Level Annotations

Branches:
Dungeon (2/15)

Altars:
Dithmenos


Innate Abilities, Weirdness & Mutations

You cannot wear most types of armour.
You are very stealthy in the water. (Stealth+)
You are amphibious.
You can wear up to eight rings at the same time.
You can use your tentacles to constrict eight enemies at once.
Your skin changes colour to match your surroundings (Stealth+).
Your rubbery body absorbs attacks. (AC +1, EV +1)


Message History

You constrict the leopard gecko, but do no damage.
The leopard gecko bites you.
You hit the leopard gecko.
The leopard gecko is poisoned.
You constrict the leopard gecko. The leopard gecko misses you.
A leopard gecko is nearby!
You hit the leopard gecko.
The leopard gecko looks as sick as possible!
Your squeeze misses the leopard gecko. You constrict the leopard gecko.
You kill the leopard gecko!
You butcher the goblin corpse.
f - 8 chunks of flesh (gained 3)
You see here a goblin skeleton. x2
n - a purple potion You fall into a shaft and drop 2 floors!
The shaft crumbles and collapses.
Found 17 gold pieces.
Found a shadowy altar of Dithmenos.
Found 10 gold pieces.
You now have 78 gold pieces (gained 17).
Some of the chunks of flesh in your inventory have rotted away.
You now have 88 gold pieces (gained 10).
You fall into a shaft and drop 2 floors!
The shaft crumbles and collapses.
An orc priest comes into view. It is wielding a +0 flail.
The orc priest shouts!
A bullfrog comes into view.
The bullfrog gives a loud, deep croak!
Found a puce potion, a short sword and a trident.
An orc priest and an orc wizard come into view.
The orc wizard moves out of view.
The spell is quite dangerous to cast (11% risk of failure)!
Continue anyway?
You miscast Frozen Ramparts.
You are very lightly contaminated with residual magic.
Nothing appears to happen.
The bullfrog hits you.
The spell is quite dangerous to cast (11% risk of failure)!
Continue anyway?
You miscast Frozen Ramparts.
Nothing appears to happen.
The bullfrog hits you.
You don't have enough magic to cast that spell.
You hit the bullfrog.
The bullfrog is poisoned.
Your grab misses the bullfrog. The bullfrog misses you. The bullfrog hits you!
* * * LOW HITPOINT WARNING * * *
Unknown command.
You hit the bullfrog. You grab the bullfrog. You constrict the bullfrog.
The bullfrog hits you!
* * * LOW HITPOINT WARNING * * *
The bullfrog barely misses you.
Unknown command.
You don't have enough magic to cast that spell.
You hit the bullfrog but do no damage.
The bullfrog looks as sick as possible!
You constrict the bullfrog. The bullfrog hits you!
You die...

####################
...................
#..). #oF@.......
###....###.#########
.......!.#.#######
###...............
...o......###.....
....o.....# ####
oo....o...#
..........#
..........#


You could see a bullfrog (extremely poisoned) and an orc priest.

Vanquished Creatures
  2 oozes
  3 worms (D:2)
  3 dart slugs
  2 leopard geckos
  3 giant cockroaches (D:2)
  8 goblins
  3 hobgoblins (D:1)
  6 jackals (D:2)
  4 kobolds
  6 bats
  3 frilled lizards (D:1)
  3 rats
46 creatures vanquished.

Notes
Turn   | Place    | Note
-------+----------+-------------------------------------------
     0 | D:1      | vurker the Octopode Ice Elementalist began the quest for
                  | the Orb.
     0 | D:1      | Reached XP level 1. HP: 11/11 MP: 3/3
   370 | D:1      | Reached XP level 2. HP: 12/18 MP: 1/5
   870 | D:1      | Reached XP level 3. HP: 19/22 MP: 6/6
   929 | D:1      | Learned a level 3 spell: Frozen Ramparts
   963 | D:1      | Reached skill level 1 in Fighting
  1540 | D:2      | Reached XP level 4. HP: 26/28 MP: 8/8
  1849 | D:2      | You fall into a shaft and drop 2 floors!
  1853 | D:4      | Found a shadowy altar of Dithmenos.
  1865 | D:4      | You fall into a shaft and drop 2 floors!
  1865 | D:6      | Noticed a bullfrog
  1878 | D:6      | Slain by a bullfrog

Illustrated notes

Levels and vault maps discovered:
D:1:      dpeg_arrival_rooms_c, layout_loops_ring
D:2:      layout_rooms, marbit_many_paths
D:4:      layout_loops_ring, old_standard_altar, first_ration, fedhas_altar_3,
          uniq_eustachio, uniq_menkaure
D:6:      minmay_bubble_buster, layout_basic, nicolae_ru_the_path_less_chosen,
          uniq_maggie

Skill      XL: |  1  2  3 |
---------------+----------+-----
Fighting       | 1 |  1.2
Dodging        | |  2.0
Stealth        | |  2.6
Shields        | |  0.7
Spellcasting   | |  2.9
Ice Magic      | |  4.7

Action                   |  1- 3 |  4- 6 || total
-------------------------+-------+-------++-------
Melee: Dagger            |    33 |       ||    33
       Unarmed           |     3 |       ||     3
       Tentacles         |    10 |     1 ||    11
       Constrict         |    15 |     6 ||    21
       Short sword       |    21 |    15 ||    36
 Cast: Freeze            |    23 |     3 ||    26
       Frozen Ramparts   |       |     1 ||     1
 Stab: Sleeping          |     5 |     2 ||     7
  Eat: Chunk             |     2 |     1 ||     3
Armor: Skin              |    15 |       ||    15
Dodge: Dodged            |    51 |    13 ||    64
Block: Buckler           |     3 |       ||     3
